 Dungeon Crawl Stone Soup version 0.13.1-22-g086cdba (webtiles) character file.

655 Kae the Insei (level 6, -3/47 HPs)
             Began as a Draconian Transmuter on Jan 2, 2014.
             Killed from afar by an orc wizard (10 damage)
             ... with a magic dart
             ... on Level 4 of the Dungeon.
             The game lasted 00:07:44 (4235 turns).

Kae the Insei (Draconian Transmuter)                Turns: 4235, Time: 00:07:45

HP  -3/47        AC  2     Str 13      XL: 6   Next: 94%
MP   6/9         EV 19     Int 13      God:
Gold 155         SH  0     Dex 18      Spells:  3 memorised,  3 levels left

Res.Fire  : . . .   See Invis. : .     - Unarmed
Res.Cold  : . . .   Warding    : .   (armour unavailable)
Life Prot.: . . .   Conserve   : .   (shield currently unavailable)
Res.Poison: x       Res.Corr.  : .   (helmet currently unavailable)
Res.Elec. : .       Clarity    : .   h - melded +0 cloak
Sust.Abil.: + .     Spirit.Shd : .   (gloves currently unavailable)
Res.Mut.  : .       Stasis     : .   (boots currently unavailable)
Res.Rott. : .       Flight     : .   (no amulet)
Saprovore : . . .                    (no ring)
                                     i - ring of sustain abilities

@: spider-form (expiring), quick, slightly resistant to hostile enchantments,
unstealthy
A: unfitting armour, AC +6
a: End Transformation


You were on level 4 of the Dungeon.
You were very hungry.
You were in spider-form.
You visited 1 branch of the dungeon, and saw 4 of its levels.
You also visited: Sewer.

You collected 135 gold pieces.

Inventory:

Missiles
 b - 12 arrows
 o - 26 stones (quivered)
Armour
 h - a +0 cloak (melded)
Comestibles
 a - 5 bread rations
 l - an apple
Scrolls
 j - 3 scrolls of identify
 k - a scroll of magic mapping
 m - 2 scrolls of enchant weapon II {unknown}
 n - 2 scrolls of recharging {unknown}
 q - 3 scrolls of remove curse {unknown}
 r - a scroll of noise {unknown}
 A - a scroll of fear {unknown}
 C - 2 scrolls of teleportation
Jewellery
 i - a ring of sustain abilities (left front leg)
 y - a cursed -2 ring of strength {unknown}
 B - an uncursed ring of see invisible {unknown}
Potions
 c - a potion of brilliance {unknown}
 e - 3 potions of curing
 f - a potion of paralysis {unknown}
 g - 2 potions of agility {unknown}
 p - a potion of degeneration {unknown}
 s - 3 potions of heal wounds {unknown}
 t - 2 potions of poison {unknown}
 u - a potion of beneficial mutation {unknown}
 v - 2 potions of flight
 w - a potion of resistance {unknown}
 x - a potion of speed {unknown}
 z - 2 potions of might {unknown}
Books
 d - a book of Changes

   Spells                             Type                      Level
   *Beastly Appendage                 Transmutation                1
   *Sticks to Snakes                  Transmutation                2
   *Spider Form                       Transmutation/Poison         3
   Ice Form                           Ice/Transmutation            4
   Blade Hands                        Transmutation                5


   Skills:
 - Level 1.1 Fighting
 - Level 1.7 Dodging
 * Level 6.5 Unarmed Combat
 - Level 2.0 Spellcasting
 + Level 4.8 Transmutations


You had 3 spell levels left.
You knew the following spells:

 Your Spells              Type           Power        Failure   Level  Hunger
a - Beastly Appendage     Trmt           ##....       14%         1    ##.....
b - Sticks to Snakes      Trmt           ##........   21%         2    ###....
c - Spider Form           Trmt/Pois      #.........   56%         3    ####...


Dungeon Overview and Level Annotations

Branches:
Dungeon (4/27)
 Temple: D:4-7

Altars:

Annotations:
D:3 Grinder


Message History

The orc closely misses you.
The orc wizard hits you from afar with an orcish spear.
* * * LOW HITPOINT WARNING * * *
You hit the orc.
You kill the orc!
The orc wizard completely misses you.
The orc wizard hits you with an orcish spear.
* * * LOW HITPOINT WARNING * * *
You see here an orcish dagger.
You closely miss the orc wizard.
Your transformation is almost over.
The orc wizard points at you and mumbles some strange words.
The magic dart hits you!
* * * LOW HITPOINT WARNING * * *
You are feeling very hungry.
You hit the orc wizard but do no damage.
The orc wizard is poisoned.
The orc wizard gestures at you while chanting.
The magic dart hits you!
You die...

.... #.# .... #.# ... #.#
..# #.# #.# #.#
#.###########.#####
...####.#.........>..)..#
)........o..........####.#
...####)#s#......#.# #.#
#)#.#.####.#.# #.#
#.#.#.####.#.# #.#
#.#%#......#.# #.#
#o#.#..##..#.# #.#
#.#.#..#...#.# #.#
#o#.#.[#..##.# #.#
...)#..#..##.# #.#
.S..#..#####.####.##


You could see an orc wizard.

Vanquished Creatures
  An ogre (D:4)
  Sigmund (D:3)
  A big kobold (Sewer)
  A big fish (Sewer)
  A hound (D:4)
  An orc priest (D:4)
  Jessica (D:3)
  A gnoll (D:1)
  5 adders
  3 giant mites (D:3)
  2 green rats (Sewer)
  A worm (D:2)
  3 giant geckos
  An orc (D:4)
  5 bats
  3 giant cockroaches (D:3)
  12 goblins
  9 hobgoblins
  A jackal (Sewer)
  11 kobolds
  3 quokkas
  A ball python (D:3)
  5 giant newts
  11 rats
84 creatures vanquished.

Notes
Turn   | Place    | Note
--------------------------------------------------------------
     0 | D:1      | Kae, the Draconian Transmuter, began the quest for the Orb.
     0 | D:1      | Reached XP level 1. HP: 16/16 MP: 1/1
   271 | D:1      | Reached XP level 2. HP: 20/23 MP: 3/3
   375 | D:1      | Learned a level 2 spell: Sticks to Snakes
   730 | D:1      | Reached XP level 3. HP: 21/28 MP: 2/4
   954 | D:2      | Learned a level 3 spell: Spider Form
  1096 | D:2      | Reached skill level 4 in Unarmed Combat
  1516 | D:2      | Reached XP level 4. HP: 28/35 MP: 4/6
  1949 | D:3      | Noticed Sigmund
  1979 | D:3      | Killed Sigmund
  1979 | D:3      | Reached skill level 5 in Unarmed Combat
  1979 | D:3      | Reached XP level 5. HP: 14/40 MP: 3/7
  2275 | D:3      | Found a glowing drain.
  2294 | Sewer    | Entered a sewer
  2632 | Sewer    | Reached XP level 6. HP: 36/47 MP: 7/9
  2756 | Sewer    | Found a white marble altar of Elyvilon.
  2948 | D:3      | Noticed Grinder
  2948 | D:3      | Noticed Jessica
  2958 | D:3      | Killed Jessica
  2961 | D:3      | Paralysed by Grinder for 4 turns
  3864 | D:4      | Reached skill level 6 in Unarmed Combat
  4235 | D:4      | Killed from afar by an orc wizard

Action                   |  1- 3 |  4- 6 || total
-------------------------+-------+-------++-------
Melee: Unarmed           |   147 |   189 ||   336
Throw: Stone             |       |     4 ||     4
 Cast: Beastly Appendage |    20 |    19 ||    39
       Spider Form       |       |     5 ||     5
  Use: Scroll            |       |     4 ||     4
       Potion            |       |     1 ||     1
